 Dungeon Crawl Stone Soup version 0.28.0-53-g5a82cb258f (webtiles) character file.

Game seed: 11632854546168034380

4317 cbfl8 the Cleaver (level 10, -9/91 HPs)
             Began as a Minotaur Berserker on July 25, 2022.
             Was a Priest of Trog.
             Killed from afar by an orc sorcerer (31 damage)
             ... with a bolt of fire
             ... in a bailey.
             The game lasted 00:11:08 (8356 turns).

cbfl8 the Cleaver (Minotaur Berserker)              Turns: 8356, Time: 00:11:10

Health: -9/91      AC: -1    Str: 21    XL:     10   Next: 11%
Magic:  9/9        EV:  9    Int:  4    God:    Trog [***...]
Gold:   361        SH:  0    Dex: 15    Spells: 9/9 levels left

rFire   . . .      SeeInvis .   y - +0 executioner's axe (elec)
rCold   + . .      Faith    .   (shield currently unavailable)
rNeg    . . .      Spirit   .   m - +0 plate armour
rPois   .          Reflect  .   (helmet restricted)
rElec   .          Harm     .   (no cloak)
rCorr   .          Rampage  .   (no gloves)
Will    +++..                   x - +0 pair of boots
Stlth   ..........              (no amulet)
HPRegen 1.25/turn               k - ring of protection from cold
MPRegen 0.11/turn               l - ring of willpower

@: strong-willed, spiked, corroded, on berserk cooldown, regenerating, slowed,
very slow
A: horns 2, retaliatory headbutt
a: Renounce Religion, Berserk, Trog's Hand


You were in a bailey.
You worshipped Trog.
Trog was most pleased with you.
You visited 1 branch of the dungeon, and saw 7 of its levels.
You also visited: Bailey.

You collected 361 gold pieces.

Inventory:

Hand Weapons
 a - a +0 hand axe
 t - a +0 war axe
 v - a +1 battleaxe of freezing
 y - a +0 executioner's axe of electrocution (weapon)
Armour
 b - a +0 animal skin
 d - a +0 chain mail
 i - a +1 kite shield of cold resistance
 m - a +0 plate armour (worn)
 r - an orb of mayhem
 x - a +0 pair of boots (worn)
Jewellery
 k - a ring of protection from cold (left hand)
 l - a ring of willpower (right hand)
Wands
 u - a wand of paralysis (3) (quivered)
Scrolls
 c - a scroll of noise {unknown}
 f - 3 scrolls of fear
 o - a scroll of teleportation
 p - a scroll of amnesia
 q - 3 scrolls of enchant weapon
 s - a scroll of blinking
 w - a scroll of silence
 A - 3 scrolls of fog
Potions
 e - 2 potions of heal wounds
 g - 2 potions of curing {unknown}
 h - 2 potions of flight
 j - a potion of degeneration {unknown}
 n - a potion of attraction {unknown}
 z - a potion of might {unknown}


   Skills:
 * Level 9.2 Fighting
 + Level 9.5 Axes
 + Level 6.5 Armour
 * Level 6.2 Dodging
 * Level 4.7 Stealth
 + Level 3.8 Shields
 * Level 3.7 Evocations


You had 9 spell levels left.
You didn't know any spells.
Your spell library was empty.

Dungeon Overview and Level Annotations

Branches:
Dungeon (7/15)             Bailey (1/1)
 Temple: D:4-7

Altars:
Gozag
Uskayaw

Shops:
D:4 (


Innate Abilities, Weirdness & Mutations

You have a pair of horns on your head.
You reflexively headbutt those who attack you in melee.


Message History

The orc sorcerer casts a spell at you. You resist with almost no effort.
The orc high priest closely misses you. The rust devil hits you!
The rust devil corrodes you!
The red devil hits you from afar with a +0 trident.
Barbed spikes become lodged in your body.
The orc sorcerer hits you with a +0 war axe.
The orc high priest calls down the wrath of Beogh upon you.
Beogh smites you!
You are too injured to fight recklessly!
You are too injured to fight recklessly!
Unknown command.
You feel much better. The rust devil hits you. The rust devil corrodes you!
The red devil closely misses you.
The orc sorcerer gestures at you while chanting.
You resist with almost no effort. The orc high priest closely misses you.
The rust devil completely misses you.
Your skin crawls.
You feel strong-willed.
The red devil hits you from afar with a +0 trident.
Barbed spikes become lodged in your body.
The orc sorcerer barely misses you.
The orc high priest starts to sing a prayer.
The orc high priest calls down the wrath of Beogh upon you.
Beogh smites you! The rust devil hits you. The rust devil corrodes you!
The red devil closely misses you. The orc high priest closely misses you.
The orc sorcerer misses you.
You slash the orc high priest!
Lightning courses through the orc high priest!
You kill the orc high priest!
Trog accepts your kill.
You hit the orc sorcerer but do no damage.
You hit the rust devil but do no damage.
The rust devil hits you. The rust devil corrodes you!
The red devil hits you from afar with a +0 trident!
* * * LOW HITPOINT WARNING * * *
Barbed spikes become lodged in your body.
The orc sorcerer shouts, "You can't withstand my power!"
The orc sorcerer points at you and mumbles some strange words.
The bolt of fire hits you!!
You die...

≈≈≈≈≈≈.#.8...#.....#...8.#.≈≈≈≈≈≈
≈≈≈≈≈≈.#.....#######.....#.≈≈≈≈≈≈
≈≈≈≈≈≈.#.8#############8.#.≈≈≈≈≈≈
≈≈≈≈≈≈.#..# ......... #..#.≈≈≈≈≈≈
≈≈≈≈≈≈.#.8# ....... #8.#.≈≈≈≈≈≈
≈≈≈≈≈≈.#).# .._.. #..#.≈≈≈≈≈≈
≈≈≈≈≈≈.##)# .4. #)##.≈≈≈≈≈≈
≈S≈≈≈≈.#..# ##o## #..#.≈≈≈≈≈≈
≈≈≈≈≈≈.#..# #4@)# #..#.≈≈≈≈≈≈
≈≈≈≈≈≈.#..# #...# #..#.≈≈≈≈≈≈
≈≈≈≈≈≈.#..# #8.8# #..#.≈≈≈≈≈≈
≈≈≈≈≈≈.#..# #...# #..#.≈≈≈≈≈≈
≈≈≈≈≈#+#'##+###8.8###+##'#'#≈≈≈≈≈
≈≈≈≈≈#....#...#...#.))#....#≈≈≈≈≈
≈≈≈≈≈#....#...#.).#.))#.)..#≈≈≈≈≈
≈≈≈≈≈###..######.######).###≈≈≈≈≈
≈≈≈≈ #.'........∩........'.# ≈≈≈≈


You could see a rust devil (summoned), an orc sorcerer and a red devil
(summoned).

Vanquished Creatures
  An orc high priest (Bailey)
  3 orc knights (Bailey)
  Sigmund (D:2)
  Eustachio (D:4)
  A water moccasin (D:6)
  Duvessa (D:4)
  A sky beast (D:6)
  2 black bears (D:6)
  6 orc warriors
  An ogre (D:5)
  An ice beast (D:6)
  2 necrophages
  A bullfrog (D:6)
  A water moccasin zombie (D:6)
  2 scorpions (D:5)
  Dowan (D:4)
  8 wights
  A howler monkey (D:7)
  3 electric eels (Bailey)
  A bullfrog zombie (D:5)
  3 hounds
  A centaur skeleton (D:4)
  A jelly (D:5)
  3 orc priests
  2 iguanas
  3 orc wizards
  A howler monkey zombie (D:7)
  5 gnolls (Bailey)
  An adder (D:3)
  3 ufetubi
  4 dart slugs (D:4)
  15 orcs
  7 ball pythons
  3 endoplasms
  3 giant cockroaches
  12 hobgoblins
  2 jackals (D:1)
  3 kobolds
  2 quokkas
  7 bats
  3 frilled lizards (D:2)
  13 goblins
  5 rats
141 creatures vanquished.

Vanquished Creatures (others)
  A hobgoblin (Bailey)
1 creature vanquished.

Grand Total: 142 creatures vanquished

Notes
Turn   | Place    | Note
-------+----------+-------------------------------------------
     0 | D:1      | cbfl8 the Minotaur Berserker began the quest for the Orb.
     0 | D:1      | Reached XP level 1. HP: 19/19 MP: 0/0
   242 | D:1      | Reached XP level 2. HP: 27/27 MP: 1/1
  1154 | D:2      | Noticed Sigmund
  1170 | D:2      | Killed Sigmund
  1171 | D:2      | Reached skill level 5 in Fighting
  1171 | D:2      | Reached skill level 1 in Stealth
  1171 | D:2      | Reached XP level 3. HP: 11/36 MP: 2/2
  1171 | D:2      | Reached XP level 4. HP: 13/42 MP: 3/3
  1171 | D:2      | Reached XP level 5. HP: 14/48 MP: 4/4
  1654 | D:2      | Reached ** piety under Trog
  1814 | D:2      | Found a faded altar of an unknown god.
  2323 | D:3      | Reached skill level 5 in Axes
  2530 | D:3      | Reached skill level 1 in Shields
  2530 | D:3      | Reached XP level 6. HP: 56/56 MP: 5/5
  2737 | D:4      | Noticed Eustachio
  2762 | D:4      | Killed Eustachio
  2827 | D:4      | Reached XP level 7. HP: 56/62 MP: 6/6
  3035 | D:4      | Found Exaserug's Antique Weapon Shoppe.
  3121 | D:4      | Noticed Dowan
  3121 | D:4      | Noticed Duvessa
  3131 | D:4      | Killed Duvessa
  3137 | D:4      | Killed Dowan
  3793 | D:5      | Entered Level 5 of the Dungeon
  4437 | D:5      | Reached XP level 8. HP: 62/71 MP: 7/7
  4703 | D:5      | Reached skill level 1 in Evocations
  4713 | D:5      | Reached skill level 5 in Armour
  5215 | D:6      | Reached skill level 5 in Dodging
  5351 | D:6      | Reached XP level 9. HP: 79/79 MP: 8/8
  5459 | D:6      | Reached *** piety under Trog
  5925 | D:7      | Found an opulent altar of Gozag.
  5926 | D:7      | Found a hide-covered altar of Uskayaw.
  6098 | D:7      | Found a flagged portal.
  6130 | Bailey   | Entered a bailey
  6784 | Bailey   | Noticed an orc knight
  6792 | Bailey   | Killed an orc knight
  7571 | Bailey   | Noticed an orc knight
  7576 | Bailey   | Killed an orc knight
  7640 | Bailey   | Noticed an orc knight
  7649 | Bailey   | Killed an orc knight
  7650 | Bailey   | Reached XP level 10. HP: 22/91 MP: 9/9
  8322 | Bailey   | Acquired a +0 executioner's axe of electrocution
  8337 | Bailey   | Found an iron altar of Okawaru.
  8337 | Bailey   | Noticed an orc sorcerer
  8337 | Bailey   | Noticed an orc high priest
  8349 | Bailey   | Noticed a rust devil
  8356 | Bailey   | Killed an orc high priest
  8356 | Bailey   | Killed from afar by an orc sorcerer

Illustrated notes

Levels and vault maps discovered:
D:1:      denvon_arrival_planthouse, layout_loops_ring, patterned_corridor
D:2:      layout_basic, ebering_ecumenical_altar_webs, uniq_sigmund
D:3:      layout_rooms, kennysheep_generic_room_16
D:4:      layout_loops_cross, serial_shops, shop, uniq_duvessa, uniq_eustachio
D:5:      layout_basic, grunt_ministairs_3
D:6:      layout_basic
D:7:      layout_loops_ring, nicolae_overflow_hidden_temple,
          minmay_temple_entry_enclosed_plants, enter_bailey_2,
          serial_co_window_serial, co_window_of_opportunity_a,
          co_window_corner_a, co_window_of_opportunity_a,
          co_window_of_opportunity_a, co_window_paths_a, co_window_paths_b,
          co_window_corner_a, co_window_paths_a, co_window_paths_a,
          co_window_paths_c, co_window_paths_c, co_window_unsneaky_path_d,
          co_window_unsneaky_path_c, co_window_unsneaky_path_c, glass_columns_b,
          glass_columns_c, glass_columns_a, glass_columns_a,
          minmay_misc_feat_ornament, uniq_joseph
Bailey:   bailey_axe_of_yendor_kennysheep, bailey

Skill      XL: |  1  2  3  4  5  6  7  8  9 |
---------------+----------------------------+-----
Fighting       | 4 5 6 7 9 |  9.2
Axes           | 4 5 6 7 9 |  9.5
Armour         | 3 4 5 6 |  6.5
Stealth        | 1 2 3 4 |  4.7
Dodging        | 3 4 5 6 |  6.2
Shields        | 1 2 3 |  3.8
Evocations     | 2 3 |  3.7

Action                   |  1- 3 |  4- 6 |  7- 9 | 10-12 || total
-------------------------+-------+-------+-------+-------++-------
Melee: Hand axe          |    52 |    99 |    37 |       ||   188
       Headbutt          |     9 |    14 |    36 |     3 ||    62
       War axe           |       |       |    68 |       ||    68
       Battleaxe         |       |       |   101 |       ||   101
       Executioner's axe |       |       |       |    16 ||    16
Invok: Berserk           |     1 |     3 |     8 |     1 ||    13
       Trog's Hand       |       |     1 |       |     1 ||     2
Evoke: Wand              |       |       |     3 |     1 ||     4
  Use: Potion            |       |       |     1 |     1 ||     2
       Scroll            |       |       |     7 |     2 ||     9
 Stab: Paralysed         |       |       |     3 |       ||     3
Armor: Chain mail        |    17 |       |       |       ||    17
       Plate armour      |    14 |    55 |    82 |    10 ||   161
Dodge: Dodged            |    12 |    19 |    63 |    22 ||   116
Block: Kite shield       |     8 |    39 |    48 |       ||    95
